 Dungeon Crawl Stone Soup version 0.27-a0-1147-gb3d8e82157 (webtiles) character file.

Game seed: 12450334361980374572

121 DasRunzen the Ducker (level 4, -1/35 HPs)
             Began as a Demonspawn Gladiator on May 11, 2021.
             Killed by nerve-wracking pain
             ... invoked by Grinder
              (6 damage)
             ... on level 3 of the Dungeon.
             The game lasted 00:03:58 (3126 turns).

DasRunzen the Ducker (Demonspawn Gladiator)         Turns: 3126, Time: 00:03:59

Health: -1/35      AC:  3    Str: 14    XL:     4   Next: 77%
Magic:  4/4        EV: 12    Int: 10    God:
Gold:   98         SH:  0    Dex: 15    Spells: 3/3 levels left

rFire    . . .     SeeInvis .   a - +0 long sword
rCold    . . .     Faith    .   (no shield)
rNeg     . . .     Spirit   .   b - +0 leather armour
rPois    .         Reflect  .   (helmet restricted)
rElec    .         Harm     .   (no cloak)
rCorr    .         Rampage  .   (no gloves)
Will     .....                  (no boots)
Stlth    +.........             (no amulet)
HPRegen  0.11/turn              (no ring)
MPRegen  0.09/turn              (no ring)

@: no status effects
A: antennae 2, foul stench 1
a: no special abilities


You were on level 3 of the Dungeon.
You visited 1 branch of the dungeon, and saw 3 of its levels.

You collected 98 gold pieces.

Inventory:

Hand Weapons
 a - a +0 long sword (weapon)
Missiles
 d - 5 throwing nets (quivered)
Armour
 b - a +0 leather armour (worn)
Wands
 e - a wand of polymorph (10)
Potions
 c - a potion of invisibility


   Skills:
 + Level 3.0 Fighting
 + Level 3.4 Long Blades
 - Level 1.7 Throwing
 + Level 1.8 Armour
 + Level 3.4 Dodging


You had 3 spell levels left.
You didn't know any spells.
Your spell library was empty.

Dungeon Overview and Level Annotations

Branches:
Dungeon (3/15)

Altars:

Annotations:
D:3 Grinder


Innate Abilities, Weirdness & Mutations

You have a pair of antennae on your head.
You may rarely emit foul miasma when damaged in melee.


Message History

You kill the jackal!
Things that are here:
a +0 club; a goblin corpse
Found a stone staircase leading up.
Found an ivory wand.
e - a wand of polymorph (11) Grinder comes into view.
You hear the rusting of a distant drain.
Grinder hits you.
You writhe in agony.
Aiming: Polymorph
Press: ? - help, Shift-Dir - straight line, f - Grinder
Aim: Grinder (will become a lemure, an iron imp, or a chaos spawn, chance to affect: 46%) Grinder resists with some effort.
Grinder completely misses you.
Unknown command.
You hit Grinder.
Grinder is lightly wounded.
Grinder barely misses you.
You hit Grinder.
Grinder is moderately wounded.
Grinder barely misses you.
You riposte.
You hit Grinder but do no damage.
Grinder is moderately wounded.
Grinder misses you.
You hit Grinder.
Grinder is moderately wounded.
Grinder hits you but does no damage.
You hit Grinder.
Grinder is moderately wounded.
Grinder barely misses you.
You closely miss Grinder.
Grinder is moderately wounded.
Grinder gestures at you. Pain shoots through your body!
You closely miss Grinder.
Grinder is moderately wounded.
Grinder gestures at you. Pain shoots through your body!
* * * LOW HITPOINT WARNING * * *
Grinder gestures at you. Pain shoots through your body!
You die...

#.# #........
#.###.##..... ###
#.....##..... ..#
########..... #.#
###..# #.# #.##
#.# ######### #.#
#5# #.<.....# #.#
#@###.#.###.# #.#
#.##.....##.###.#
#............)..#
#####..####.#####
#.## #.#
#.......#
#########


You could see Grinder.

Vanquished Creatures
  6 adders (D:2)
  3 worms (D:2)
  A dart slug (D:3)
  2 bats
  6 endoplasms
  5 goblins
  4 hobgoblins
  8 jackals
  4 quokkas
  6 ball pythons
  2 frilled lizards (D:2)
  4 kobolds
  4 rats (D:2)
55 creatures vanquished.

Notes
Turn   | Place    | Note
-------+----------+-------------------------------------------
     0 | D:1      | DasRunzen the Demonspawn Gladiator began the quest for the
                  | Orb.
     0 | D:1      | Reached XP level 1. HP: 16/16 MP: 1/1
   618 | D:1      | Gained mutation: You have a pair of small antennae on your
                  | head. [demonic ancestry]
   618 | D:1      | Reached XP level 2. HP: 18/22 MP: 2/2
  1386 | D:2      | Reached skill level 1 in Armour
  1480 | D:2      | Gained mutation: You may rarely emit foul miasma when
                  | damaged in melee. [demonic ancestry]
  1480 | D:2      | Reached XP level 3. HP: 27/28 MP: 3/3
  1489 | D:2      | HP: 1/28 [worm (10)]
  2083 | D:2      | Found a faded altar of an unknown god.
  2369 | D:2      | Gained mutation: You have a pair of antennae on your head.
                  | [demonic ancestry]
  2369 | D:2      | Reached XP level 4. HP: 34/34 MP: 4/4
  3117 | D:3      | Noticed Grinder
  3126 | D:3      | Killed from afar by Grinder

Illustrated notes

Levels and vault maps discovered:
D:1:      matt_arrival_refuge, layout_loops_ring
D:2:      layout_rooms, hellmonk_ecumenical_altar_arch_garden
D:3:      layout_loops_cross, old_standard_altar, old_standard_altar,
          gup_sewer_entry_pipe, uniq_grinder

Skill      XL: |  1  2  3  4 |
---------------+-------------+-----
Long Blades    | 3 |  3.4
Armour         | 1 |  1.8
Dodging        | 3 |  3.4
Fighting       | 3 |  3.0
Throwing       | |  1.7

Action                   |  1- 3 |  4- 6 || total
-------------------------+-------+-------++-------
Melee: Long sword        |   102 |    71 ||   173
Evoke: Wand              |       |     1 ||     1
  Use: Scroll            |     1 |     2 ||     3
 Stab: Sleeping          |     1 |       ||     1
Armor: Leather armour    |    15 |    18 ||    33
Dodge: Dodged            |    75 |    62 ||   137
       Rpst.: Long sword |    24 |    18 ||    42

Table legend: (Time is in decaauts)
 A = Elapsed time spent in this place.
 B = Non-inter-level travel time spent in this place.
 C = Inter-level travel time spent in this place.
 D = Time resting spent in this place.
 E = Time spent auto-exploring this place.
 F = Levels seen in this place.
 G = Mean time per level.
                   A        B        C        D        E       F      G
               +--------+--------+--------+--------+--------+-----+--------+
         Total |   3169 |   3127 |     42 |    693 |   1969 |   3 | 1056.3 |
       Dungeon |   3169 |   3127 |     42 |    693 |   1969 |   3 | 1056.3 |
               +--------+--------+--------+--------+--------+-----+--------+

Top non-repeatable levels by time:
     D:1: 1671 daAuts
     D:2: 1339 daAuts
     D:3: 158 daAuts
